AoeStats
← Rafaelbdoo

Black Forest

505381807Analyzed
1v1 RM · 24d ago on Sep 9, 2026· 54m 56s· 2 players
Game mode
Random Map
Map size
Tiny (2 player)
Population
200
Speed
Normal
Resources
Standard
Victory
Conquest
Starting age
Dark Age
Ending age
Imperial Age
RankedLock teamsTeams togetherTeam positionsShared explorationLock speedFull tech treeHidden civsTurbo modeCheats
Victory
Defeat
🇷🇺 Britons · Russia
719
+13
🇧🇷 Maya · Brazil
644
-18
Rafaelbdoo
0:38 Loom
12:05 Feudal Age
12:40 Horse Collar
12:46 Double-Bit Axe
16:17 Forging
19:48 Castle Age
18:45 Fletching
22:43 Padded Archer Armor
26:39 Elite Skirmisher
27:42 Leather Archer Armor
27:52 Gold Mining
28:30 Stone Mining
30:55 Bow Saw
31:04 Heavy Plow
30:56 Eagle Warrior
31:40 Scale Mail Armor
33:57 Stone Shaft Mining
36:03 Thumb Ring
35:55 Bodkin Arrow
36:40 Iron Casting
38:31 Hul'che Javelineers
39:31 Squires
42:02 Wheelbarrow
41:48 Heavy Plow
42:19 Town Watch
42:38 Arson
43:10 Chain Mail Armor
43:24 Town Patrol
44:02 Pikeman
44:26 Treadmill Crane
44:42 Murder Holes
44:58 Masonry
45:01 Fortified Wall
46:33 Fortified Wall
46:46 Ballistics
49:18 Imperial Age
47:07 Hand Cart
Dendoshi
12:02 Feudal Age
13:51 Double-Bit Axe
20:45 Castle Age
19:10 Fletching
22:31 Bodkin Arrow
25:23 Ballistics
25:14 Fortified Wall
25:18 Masonry
27:30 Yeomen
27:35 Bow Saw
33:26 Imperial Age
32:45 Wheelbarrow
33:30 Padded Archer Armor
34:55 Conscription
35:33 Warwolf
35:28 Town Watch
36:31 Bracer
36:49 Town Patrol
37:36 Gold Mining
37:41 Stone Mining
38:55 Two-Man Saw
38:14 Hand Cart
38:48 Elite Longbowman
41:12 Chemistry
43:23 Gold Shaft Mining
Connection lost

Rejoining the realm…

Still unreachable

The connection could not be restored.

Session expired

The server has moved on; the page needs a fresh start.